Map: Prion Terraces

Players

LiveZerg - Winner!

  • Race: Zerg Zerg
  • League: Master

TomikuS

  • Race: Zerg Zerg
  • League: Grandmaster

Event: NationWars III

VOD

Have the link to the VOD?

Description

Time

  • Played on: Nov. 21, 2015, 11:52 a.m.
  • Length: 6:29
Show
View Real Time Build Order
Export as new Build Order

LiveZerg Zerg - Winner!

Build Orders: Pool First 

Get SALT Encoding   

  12  0:01  Drone  
  13  0:12  Overlord  
  13  0:17  Drone  
  14  0:32  Drone x2  
  16  0:40  Spawning Pool  
  15  0:44  Drone  
  15  0:48  Drone  
  17  1:09  Hatchery  
  16  1:12  Drone  
  16  1:15  Drone  
  16  1:18  Extractor  
  17  1:20  Drone  
  18  1:29  Queen  
  20  1:35  Zergling x2  
  21  1:40  Overlord  
  21  1:51  Spine Crawler  
  21  1:52  Zergling x2  
  21  2:01  Zergling x2  
  22  2:05  Baneling Nest  
  22  2:13  Zergling x2  
  23  2:20  Queen  
  25  2:25  Zergling x2  
  26  2:40  Overlord  
  26  2:41  Metabolic Boost  
  26  2:43  Drone x3  
  29  2:50  Baneling  
  29  2:54  Zergling x2  
  30  3:11  Drone  
  31  3:18  Drone x2  
  33  3:24  Overlord  
  32  3:27  Hatchery  
  32  3:30  Baneling x2  
  32  3:31  Baneling  
  32  3:33  Drone x2  
  33  3:45  Drone x4  
  37  3:55  Drone  
  37  3:58  Roach Warren  
  36  4:21  Zergling x6  
  39  4:25  Hatchery  
  39  4:27  Drone x2  
  40  4:35  Drone  
  40  4:39  Overlord  
  40  4:44  Roach  
  40  4:45  Roach x2  
  46  4:54  Roach x2  
  46  4:55  Spine Crawler  
  49  5:03  Roach x2  
  53  5:10  Lair  
  54  5:14  Drone x2  
  54  5:19  Drone x2, Extractor  
  54  5:20  Drone x3  
  59  5:24  Baneling x2  
  55  5:34  Roach  
  53  5:41  Zergling x6  
  48  5:50  Roach x2, Zergling x4  
  48  5:51  Zergling x6  
  48  5:56  Extractor  
  55  6:00  Roach  
  55  6:03  Overlord  
  59  6:05  Spine Crawler  
  58  6:16  Drone x2  
Show
View Real Time Build Order
Export as new Build Order

TomikuS Zerg 

Build Orders: Pool First 

Get SALT Encoding   

  12  0:01  Drone  
  13  0:22  Spawning Pool  
  13  0:26  Drone  
  13  0:30  Drone  
  13  0:33  Extractor  
  13  0:40  Drone  
  14  0:49  Overlord  
  14  1:09  Zergling x6  
  17  1:11  Queen  
  19  1:21  Zergling x2  
  20  1:32  Zergling x2  
  21  1:36  Metabolic Boost  
  21  1:42  Zergling x2  
  22  1:53  Overlord  
  22  1:59  Baneling Nest  
  21  2:24  Drone x5  
  26  2:44  Baneling  
  26  2:45  Baneling  
  26  2:47  Zergling x2  
  27  2:57  Hatchery  
  25  3:29  Overlord x2  
  25  3:37  Roach Warren  
  25  3:40  Drone x3  
  24  4:18  Roach  
  24  4:19  Roach x6  
  35  4:27  Zergling x2  
  35  4:31  Zergling x8  
  40  4:45  Zergling x4  
  40  4:47  Queen  
  42  4:56  Zergling x4  
  44  5:00  Ravager  
  44  5:03  Baneling  
  44  5:04  Zergling x2, Baneling x3  
  46  5:08  Ravager  
  46  5:13  Zergling x4  
  46  5:14  Zergling x2  
  44  5:33  Zergling x6  
  44  5:34  Zergling x2  
  34  5:47  Zergling x8  
  29  6:02  Zergling x2, Baneling  
  29  6:03  Zergling x2  
Tags
 
Add a new tag
Caveats
  • Supply blocks, unpowered buildings, or Contaminate may cause inaccurate times.
  • Supply counts are checked every 10 seconds.